 Dungeon Crawl Stone Soup version 0.18.1-50-g88ac8fd (webtiles) character file.

32775 lorenzova the Eclecticist (level 13, -5/63 HPs)
             Began as a Deep Elf Conjurer on Oct 21, 2016.
             Was the Champion of Sif Muna.
             Killed from afar by Josephine (37 damage)
             ... with a ghostly fireball
             ... on level 4 of the Lair of Beasts.
             The game lasted 01:13:02 (28188 turns).

lorenzova the Eclecticist (Deep Elf Conjurer)      Turns: 28188, Time: 01:13:04

Health: -5/63      AC:  7    Str:  5    XL:     13   Next: 33%
Magic:  9/37       EV: 13    Int: 29    God:    Sif Muna [******]
Gold:   871        SH:  3    Dex: 15    Spells: 9 memorised, 8 levels left

rFire  + . .     SeeInvis +     U - staff of energy
rCold  . . .     Gourm    .     F - +0 robe {MR+}
rNeg   . . .     Faith    .     (no shield)
rPois  .         Spirit   .     z - +0 helmet
rElec  .         Dismiss  .     N - +1 cloak
rCorr  .         Reflect  +     a - +1 pair of gloves of the Illusory Lies {Regen+ Int+3 Stlth-}
SustAt .         Harm     .     (no boots)
MR     ++...                    w - +3 amulet of reflection
Stlth  ++........               P - ring of protection from fire
                                y - ring of see invisible

@: repel missiles, very resistant to hostile enchantments, unstealthy
A: no striking features
a: Channel Energy, Forget Spell, Renounce Religion


You were on level 4 of the Lair of Beasts.
You worshipped Sif Muna.
Sif Muna was exalted by your worship.
You were not hungry.

You visited 3 branches of the dungeon, and saw 18 of its levels.
You also visited: Sewer.

You collected 1225 gold pieces.
You spent 354 gold pieces at shops.

Inventory:

Armour
 a - the +1 pair of gloves of the Illusory Lies (worn) {Regen+ Int+3 Stlth-}
   (You found it on level 11 of the Dungeon)

   It affects your intelligence (+3).
   It increases your rate of regeneration.
   It makes you less stealthy.
 z - a +0 helmet (worn)
 F - a +0 robe of magic resistance (worn)
 N - a +1 cloak (worn)
Magical Staves
 U - an uncursed staff of energy (weapon)
Jewellery
 w - a +3 amulet of reflection (around neck)
 y - a ring of see invisible (left hand)
 P - a ring of protection from fire (right hand)
Wands
 b - a wand of flame (28/48)
 T - a wand of lightning (6/15)
 Z - a wand of iceblast (7/15)
Scrolls
 c - 4 scrolls of identify
 e - a scroll of recharging {unknown}
 g - 3 scrolls of teleportation
 i - 5 scrolls of magic mapping
 k - 11 scrolls of remove curse
 l - 6 scrolls of enchant armour
 m - 2 scrolls of enchant weapon {unknown}
 o - 4 scrolls of random uselessness {unknown}
 p - 4 scrolls of amnesia {unknown}
 q - 5 scrolls of fear
 s - 2 scrolls of blinking {unknown}
 x - 3 scrolls of fog {unknown}
 E - 2 scrolls of noise {unknown}
 I - a scroll of vulnerability {unknown}
 R - 4 scrolls of immolation {unknown}
 W - 4 scrolls of torment {unknown}
Potions
 d - 2 potions of magic
 f - 7 potions of curing
 h - 2 potions of invisibility
 j - 2 potions of brilliance
 r - 5 potions of cure mutation
 t - a potion of cancellation {unknown}
 v - 4 potions of haste
 B - 4 potions of might
 G - 7 potions of agility
 L - a potion of ambrosia
 Q - 3 potions of mutation {unknown}
 Y - a potion of berserk rage {unknown}
Books
 A - Sif Muna's Grimoire of Sinister Rituals and the Arsonist
   (Sif Muna gifted it to you on level 4 of the Lair of Beasts)

   Spells                             Type                      Level
   a - Conjure Flame                  Conjuration/Fire             3
   b - Sticky Flame                   Conjuration/Fire             4
   c - Animate Dead                   Necromancy                   4
   d - Control Undead                 Necromancy                   4
   e - Bolt of Fire                   Conjuration/Fire             6
   f - Delayed Fireball               Conjuration/Fire             7
   g - Fire Storm                     Conjuration/Fire             9
Comestibles
 u - a bread ration
 C - 12 royal jellies


   Skills:
 - Level 2.4 Dodging
 + Level 3.4 Stealth
 + Level 18.4 Spellcasting
 + Level 15.4 Conjurations
 + Level 3.6 Charms
 + Level 2.3 Translocations
 + Level 1.2 Fire Magic
 + Level 2.4 Air Magic
 + Level 6.3 Invocations
 - Level 6.2 Evocations


You had 8 spell levels left.
You knew the following spells:

 Your Spells              Type           Power        Failure   Level  Hunger
a - Magic Dart            Conj           ####         0%          1    None
b - Iskenderun's Battles  Conj/Chrm      ######..     1%          5    None
c - Iskenderun's Mystic   Conj           #######.     1%          4    None
d - Repel Missiles        Chrm/Air       #####.       1%          2    None
e - Swiftness             Chrm/Air       #####...     1%          2    None
f - Dispersal             Tloc           #####.....   91%         6    None
h - Delayed Fireball      Conj/Fire      N/A          54%         7    None
m - Bolt of Fire          Conj/Fire      ######....   12%         6    None
o - Orb of Destruction    Conj           #######...   2%          7    None


Dungeon Overview and Level Annotations

Branches:
Dungeon (13/15)            Temple (1/1) D:4            Lair (4/8) D:9
    Orc (0/2) D:9
  Swamp: Lair:3-6    Shoals: Lair:3-6     Snake: Lair:3-6    Spider: Lair:3-6
 Vaults: D:13-14

Altars:
Ashenzari
Cheibriados
Dithmenos
Elyvilon
Fedhas
Gozag
Kikubaaqudgha
Makhleb
Nemelex Xobeh
Okawaru
Pakellas
Qazlal
Ru
Sif Muna
Trog
Vehumet
Xom
Yredelemnul
Zin
The Shining One

Shops:
D:5 !!%?*

Annotations:
D:13 Nessos
Lair:4 Josephine


Message History

The ghostly fireball engulfs your battlesphere.
Your battlesphere partially resists.
Casting: Iskenderun's Mystic Blast
Confirm with . or Enter, or press ? or * to list all spells.
Aiming: Iskenderun's Mystic Blast
Press: ? - help, Shift-Dir - straight line, f - Josephine
Aim: Josephine, wielding a dagger of holy wrath and wearing an embroidered robe The orb of energy hits Josephine.
Josephine is moderately wounded.
Your battlesphere fires!
The barrage of energy hits Josephine.
Josephine is heavily wounded.
Josephine casts a spell at you.
The ghostly flame explodes!
The ghostly fireball engulfs your battlesphere.
Your battlesphere partially resists.
The ghostly fireball engulfs the fungus.
The fungus partially resists.
The ghostly fireball engulfs you!
Ouch! That really hurt!
You die...

....##.......
##........###
....#
##......#
##.......#
...##
.......#
##......#
...#
......%P##
#.....## ...#
........#
#.#.#.# .#P#
.@......#
##...## ####
......#.#
###..##
........#
#.....#
.....P>@###
##..###
...##*..#.#
##..# ##
###...# #..##
P#
##..####...#
P#
##..##...##
## #.......##
# ###....†#
#........#
##..#.......


You could see Josephine and a friendly battlesphere.

Vanquished Creatures
  Harold (D:10)
  3 hydras
  Erica (D:9)
  3 skeletal warriors (D:12)
  3 hill giants
  A griffon (Lair:3)
  3 black mambas
  2 spiny frogs
  4 komodo dragons
  The ghost of Britaniac the Firebug, a novice DEFE (Sewer)
  6 trolls
  4 polar bears (Lair:2)
  2 two-headed ogres
  9 blink frogs (Lair:3)
  8 slime creatures (D:12)
  Sigmund (D:4)
  Eustachio (D:5)
  3 wraiths (Lair:4)
  23 yaks
  A wyvern (D:11)
  A steam dragon (D:12)
  3 hippogriffs
  2 hungry ghosts (D:11)
  2 vampire mosquitoes (D:10)
  Menkaure (D:5)
  A soldier ant (D:8)
  5 orc warriors
  4 porcupines
  9 water moccasins
  2 ice beasts
  9 black bears
  9 sky beasts
  3 phantoms
  2 wasps (D:8)
  8 wolves
  6 ogres
  3 centaurs
  13 crocodiles
  2 big kobolds
  7 giant frogs
  A water moccasin zombie (D:4)
  4 scorpions
  A wyvern skeleton (D:11)
  8 killer bees
  18 wights
  An electric eel (Lair:1)
  7 howler monkeys
  6 giant frog zombies
  A centaur zombie (D:12)
  2 crimson imps
  8 hounds
  10 orc priests
  An iron imp (D:5)
  A jelly (D:9)
  3 giant frog skeletons
  21 orc wizards
  Ijyb (D:2)
  10 iguanas
  8 worker ants
  2 hound zombies (D:7)
  2 howler monkey zombies (D:7)
  A worker ant zombie (D:7)
  7 gnolls
  15 adders
  45 river rats
  A shadow imp (D:12)
  4 oozes
  An adder zombie (D:7)
  An adder skeleton (D:8)
  3 worms
  2 dart slugs (D:1)
  6 giant geckos
  56 orcs
  2 ball pythons
  13 bats
  9 giant cockroaches
  6 goblins
  9 hobgoblins
  13 jackals
  16 kobolds
  6 quokkas
  A giant gecko skeleton (D:4)
  4 giant newts
  2 jackal zombies (D:6)
  18 rats
529 creatures vanquished.

Vanquished Creatures (others)
  A centaur (D:5)
  An orc wizard (D:4)
  An orc (D:4)
  2 fungi
  27 plants
32 creatures vanquished.

Grand Total: 561 creatures vanquished

Notes
Turn   | Place    | Note
--------------------------------------------------------------
     0 | D:1      | lorenzova the Deep Elf Conjurer began the quest for the Orb.
     0 | D:1      | Reached XP level 1. HP: 10/10 MP: 6/6
   439 | D:1      | Reached XP level 2. HP: 15/15 MP: 5/8
   555 | D:1      | Reached skill level 5 in Conjurations
  1379 | D:2      | Reached XP level 3. HP: 19/19 MP: 4/9
  1757 | D:2      | Noticed Ijyb
  2174 | D:2      | Reached XP level 4. HP: 24/24 MP: 5/11
  2180 | D:2      | Learned a level 4 spell: Iskenderun's Mystic Blast
  2343 | D:2      | Found a shimmering altar of Xom.
  2703 | D:2      | Found a bloodstained altar of Trog.
  3039 | D:2      | Killed Ijyb
  3039 | D:2      | Reached skill level 4 in Spellcasting
  3940 | D:3      | Reached XP level 5. HP: 28/28 MP: 10/13
  4862 | D:4      | Found a stormy altar of Qazlal.
  4874 | D:4      | Reached skill level 5 in Spellcasting
  5136 | D:4      | Noticed an ogre
  5143 | D:4      | Killed an ogre
  5143 | D:4      | Reached XP level 6. HP: 32/32 MP: 3/16
  5191 | D:4      | Reached skill level 6 in Spellcasting
  5259 | D:4      | Noticed Sigmund
  5313 | D:4      | Found an ancient bone altar of Kikubaaqudgha.
  5490 | D:4      | Killed Sigmund
  5490 | D:4      | Reached skill level 7 in Spellcasting
  5490 | D:4      | Reached XP level 7. HP: 36/36 MP: 7/19
  5921 | D:4      | Found a staircase to the Ecumenical Temple.
  5965 | Temple   | Entered the Ecumenical Temple
  6630 | D:4      | Found a burning altar of Makhleb.
  6942 | D:5      | Entered Level 5 of the Dungeon
  6942 | D:5      | Found Yngaezai's General Store.
  6953 | D:5      | Reached skill level 8 in Spellcasting
  7067 | D:5      | Bought a potion of agility for 60 gold pieces
  7067 | D:5      | Bought a potion of curing for 45 gold pieces
  7067 | D:5      | Bought a scroll of fear for 52 gold pieces
  7290 | D:5      | Found Olotau's Food Boutique.
  7308 | D:5      | Noticed Eustachio
  7428 | D:5      | Killed Eustachio
  7428 | D:5      | Reached skill level 9 in Spellcasting
  7428 | D:5      | Reached XP level 8. HP: 41/41 MP: 6/23
  7857 | D:5      | Found Caotoog's Magic Scroll Boutique.
  7947 | D:5      | Noticed Menkaure
  7949 | D:5      | Killed Menkaure
  8334 | D:5      | Bought a scroll of identify for 22 gold pieces
  8334 | D:5      | Bought a scroll of magic mapping for 38 gold pieces
  8334 | D:5      | Bought a scroll of remove curse for 33 gold pieces
  8334 | D:5      | Bought a scroll of identify for 22 gold pieces
  8334 | D:5      | Bought a scroll of identify for 22 gold pieces
  8346 | D:5      | Reached skill level 10 in Spellcasting
  8576 | D:5      | Found Raotith's Distillery.
  8580 | D:5      | Found Biubyb's Distillery.
  8584 | D:5      | Bought a potion of heal wounds for 60 gold pieces
  8601 | D:5      | Found a snail-covered altar of Cheibriados.
  8964 | D:5      | Found a glowing silver altar of Zin.
  9203 | D:6      | Reached skill level 10 in Conjurations
  9214 | D:5      | Found a basalt altar of Yredelemnul.
  9265 | D:6      | Reached skill level 11 in Spellcasting
  9334 | D:6      | Found a glowing drain.
  9340 | D:6      | Reached XP level 9. HP: 45/45 MP: 21/26
  9391 | Sewer    | Entered a sewer
  9438 | Sewer    | Noticed Britaniac's ghost (novice DEFE)
  9442 | Sewer    | Killed Britaniac's ghost
 10317 | D:6      | Reached skill level 12 in Spellcasting
 10432 | D:6      | Found a deep blue altar of Sif Muna.
 10466 | D:6      | Became a worshipper of Sif Muna the Loreminder
 11380 | D:7      | Learned a level 5 spell: Iskenderun's Battlesphere
 11419 | D:7      | You fall through a shaft for 2 floors!
 11613 | D:9      | Reached * piety under Sif Muna
 11734 | D:9      | Reached skill level 13 in Spellcasting
 11825 | D:9      | Found an iron altar of Okawaru.
 11855 | D:9      | Found a staircase to the Orcish Mines.
 11918 | D:9      | Found a staircase to the Lair.
 11920 | D:9      | Noticed a komodo dragon
 11927 | D:9      | Killed a komodo dragon
 12055 | D:9      | Noticed Erica
 12060 | D:9      | Killed Erica
 12060 | D:9      | Reached ** piety under Sif Muna
 12060 | D:9      | Reached XP level 10. HP: 50/50 MP: 11/29
 13064 | D:9      | Reached skill level 14 in Spellcasting
 14183 | D:8      | Found a glowing golden altar of the Shining One.
 14195 | D:8      | Reached *** piety under Sif Muna
 14797 | D:7      | Found a white marble altar of Elyvilon.
 14925 | D:7      | Reached skill level 15 in Spellcasting
 15533 | Lair:1   | Entered Level 1 of the Lair of Beasts
 15857 | Lair:1   | Reached XP level 11. HP: 54/54 MP: 9/32
 16087 | Lair:1   | Reached **** piety under Sif Muna
 17115 | Lair:1   | Identified a +1 rod of clouds (11/11) (You found it on level 1 of the Lair of Beasts)
 17331 | Lair:2   | Reached skill level 1 in Invocations
 17336 | Lair:2   | Reached skill level 16 in Spellcasting
 17349 | Lair:2   | Reached skill level 1 in Evocations
 17705 | Lair:2   | Reached ***** piety under Sif Muna
 19936 | Lair:1   | Learned a level 7 spell: Orb of Destruction
 19969 | D:10     | Entered Level 10 of the Dungeon
 20019 | D:10     | Noticed a hill giant
 20019 | D:10     | Noticed Harold
 20036 | D:10     | Killed a hill giant
 20045 | D:10     | Killed Harold
 20045 | D:10     | Reached XP level 12. HP: 11/59 MP: 8/34
 20560 | D:10     | Reached skill level 17 in Spellcasting
 20869 | D:10     | Reached ****** piety under Sif Muna
 21871 | D:11     | Received a gift from Sif Muna
 21997 | D:11     | Identified Sif Muna's Almanac of Lucky Earth (Sif Muna gifted it to you on level 11 of the Dungeon)
 22018 | D:11     | Learned a level 2 spell: Repel Missiles
 22021 | D:11     | Learned a level 2 spell: Swiftness
 22028 | D:11     | Learned a level 6 spell: Dispersal
 22048 | D:11     | Noticed a six-headed hydra
 22057 | D:11     | Killed a six-headed hydra
 22059 | D:11     | Reached skill level 5 in Evocations
 22189 | D:11     | Got a pair of transparent gloves
 22195 | D:11     | Identified the +1 pair of gloves of the Illusory Lies {Regen+ Int+3 Stlth-} (You found it on level 11 of the Dungeon)
 22998 | D:11     | Reached skill level 5 in Invocations
 23831 | D:12     | Reached skill level 15 in Conjurations
 24068 | D:12     | Reached skill level 18 in Spellcasting
 25555 | D:13     | Noticed Nessos
 26279 | Lair:3   | Reached XP level 13. HP: 63/63 MP: 22/37
 26355 | Lair:3   | Reached skill level 1 in Charms
 26355 | Lair:3   | Reached skill level 1 in Air Magic
 26426 | Lair:3   | Reached skill level 1 in Translocations
 27337 | Lair:4   | Received a gift from Sif Muna
 27338 | Lair:4   | Identified Sif Muna's Grimoire of Sinister Rituals and the Arsonist (Sif Muna gifted it to you on level 4 of the Lair of Beasts)
 27357 | Lair:3   | Learned a level 6 spell: Bolt of Fire
 27365 | Lair:3   | Learned a level 7 spell: Delayed Fireball
 28176 | Lair:4   | Reached skill level 1 in Fire Magic
 28186 | Lair:4   | Noticed Josephine
 28188 | Lair:4   | Killed from afar by Josephine

Skill      XL: |  1  2  3  4  5  6  7  8  9 10 11 12 13 |
---------------+----------------------------------------+-----
Conjurations   | 5 6 7 8 10 11 13 14 15 | 15.4
Spellcasting   | 4 5 7 9 11 13 15 16 18 | 18.4
Invocations    | 3 5 6 |  6.3
Evocations     | 4 6 |  6.2
Charms         | 3 |  3.6
Air Magic      | 2 |  2.4
Translocations | 2 |  2.3
Stealth        | 3 |  3.4
Fire Magic     | 1 |  1.2
Dodging        | |  2.4

Action                   |  1- 3 |  4- 6 |  7- 9 | 10-12 | 13-15 || total
-------------------------+-------+-------+-------+-------+-------++-------
Melee: Unarmed           |       |    14 |       |       |       ||    14
       Short sword       |       |       |     3 |       |       ||     3
       Dagger            |       |       |     1 |    27 |       ||    28
       Staff             |       |       |       |     9 |       ||     9
 Cast: Magic Dart        |    81 |   110 |   313 |   560 |    73 ||  1137
       Iskenderun's Myst |       |    11 |    62 |    94 |    23 ||   190
       Iskenderun's Batt |       |       |     6 |   121 |    14 ||   141
       Orb of Destructio |       |       |       |    16 |       ||    16
       Repel Missiles    |       |       |       |     1 |       ||     1
Invok: Channel Energy    |       |       |       |    10 |       ||    10
  Use: Scroll            |       |       |     8 |     6 |       ||    14
       Potion            |       |       |       |     3 |       ||     3
  Eat: Chunk             |     3 |     3 |    21 |    40 |     4 ||    71
       Meat ration       |       |     2 |       |       |       ||     2
       Fruit             |       |       |       |     6 |     5 ||    11
Armor: Robe              |     2 |    18 |    14 |    18 |       ||    52
Dodge: Dodged            |    10 |    43 |    67 |   103 |     7 ||   230
Block: Other             |       |       |    11 |    16 |       ||    27
       Reflection        |       |       |     3 |       |       ||     3
